 Dungeon Crawl Stone Soup version 0.27-a0-1177-g245c70e1c0 (webtiles) character file.

Game seed: 14355495523910839094

47 Grimdewalt the Magician (level 3, -5/29 HPs)
             Began as a Djinni Warper on May 16, 2021.
             Slain by Sigmund
             ... wielding a +3 scythe of venom
              (12 damage)
             ... on level 2 of the Dungeon.
             The game lasted 00:02:01 (1634 turns).

Grimdewalt the Magician (Djinni Warper)             Turns: 1634, Time: 00:02:01

Health: -5/29      AC:  4    Str: 11    XL:     3   Next: 97%
Gold:   52         EV: 11    Int: 14    God:
                   SH:  0    Dex: 12

rFire    + + .     SeeInvis .   a - +0 mace
rCold    x . .     Faith    .   (no shield)
rNeg     . . .     Spirit   .   b - +0 leather armour
rPois    ∞         Reflect  .   (no helmet)
rElec    .         Harm     .   (no cloak)
rCorr    .         Rampage  .   c - +0 pair of gloves
Will     .....                  (boots unavailable)
Stlth    +.........             (no amulet)
HPRegen  0.09/turn              (no ring)
MPRegen  0.00/turn              (no ring)

@: flying
A: sickness immunity, fire resistance 2, cold vulnerability 1, float, innate
caster, hp casting, extra vitality 1
a: no special abilities


You were on level 2 of the Dungeon.
You visited 1 branch of the dungeon, and saw 2 of its levels.

You collected 129 gold pieces.
You spent 77 gold pieces at shops.

Inventory:

Hand Weapons
 a - a +0 mace (weapon)
Missiles
 e - 5 boomerangs of dispersal (quivered)
Armour
 b - a +0 leather armour (worn)
 c - a +0 pair of gloves (worn)
Scrolls
 d - a scroll of blinking
 h - a scroll of identify {unknown}
Potions
 f - 2 potions of resistance {unknown}
 g - 2 potions of heal wounds {@q2}


   Skills:
 + Level 2.7 Fighting
 + Level 2.2 Maces & Flails
 - Level 0.7 Throwing
 - Level 1.0 Armour
 - Level 2.1 Dodging
 + Level 2.8 Spellcasting


You couldn't memorise any spells.
You knew the following spells:

 Your Spells              Type           Power      Damage    Failure   Level
a - Blink                 Tloc           N/A        N/A       13%         2
b - Lesser Beckoning      Tloc           5%         N/A       26%         3
c - Gell's Gravitas       Tloc           5%         N/A       26%         3
d - Teleport Other        Tloc           10%        N/A       26%         3
e - Manifold Assault      Tloc           10%        N/A       94%         5
f - Pain                  Necr           40%        1d6       9%          1
Your spell library was empty.

Dungeon Overview and Level Annotations

Branches:
Dungeon (2/15)

Altars:

Shops:
D:1 !

Annotations:
D:2 Sigmund


Innate Abilities, Weirdness & Mutations

You are immune to sickness and miasma.
You are immune to poison.
Your flesh is very heat resistant. (rF++)
You are vulnerable to cold. (rC-)
You float through the air rather than walking.
You learn spells naturally, not from books.
Your magical power is your life essence.
You have superior vitality. (+4 HP)


Message History

Key pressed, stopping explore.
A hobgoblin comes into view.
The hobgoblin shouts!
The hobgoblin hits you.
You barely miss the hobgoblin. The hobgoblin barely misses you.
You hit the hobgoblin.
The hobgoblin is lightly wounded.
The hobgoblin closely misses you.
You barely miss the hobgoblin.
The hobgoblin is lightly wounded.
The hobgoblin hits you. x2
You barely miss the hobgoblin.
The hobgoblin is lightly wounded.
The hobgoblin misses you.
You hit the hobgoblin.
The hobgoblin is heavily wounded.
The hobgoblin closely misses you.
You hit the hobgoblin.
You kill the hobgoblin!
No target in view!
No target in view!
No target in view!
No target in view!
No target in view!
No target in view!
No target in view!
No target in view!
You reach down and open the door.
Found 13 bolts and 25 arrows.
There is an open door here.
You see here 25 arrows.
Key pressed, stopping explore.
A worm comes into view.
Sigmund the Dreaded comes into view.
He is wielding a +3 scythe of venom.
Sigmund shouts!
You hear a shout!
A kobold comes into view. It is wielding a +0 club.
Found a stone staircase leading up.
A ball python and an endoplasm come into view.
The endoplasm quivers.
Sigmund gestures at himself while chanting.
Sigmund flickers and vanishes!
Deactivating autopickup; reactivate with Ctrl-P.
A ball python comes into view.
The ball python hisses angrily.
You hit the worm.
The worm is lightly wounded.
Something hits you! The worm bites you!
* * * LOW HITPOINT WARNING * * *
Something hits you!
You die...

........##............#
........##.......(#.#.#
#.......'.........#....
#.......###.###'######.
#######.# #.###.###....
#.# #...#........ ####.#
###.#####.#..
..####....#####.#...#.##.
......S.@....##.......###
.......w..##.###.........
........$.# ###.....####
....SJK...# ............
..........# #.....#.####
........... #.....+.#.#.
..........<# #.....#.#...
...........# #...# ###.##
.#.......... .... ... .


You could see a worm, an endoplasm, 2 ball pythons and a kobold.

Vanquished Creatures
  An adder (D:2)
  A dart slug (D:1)
  3 ball pythons (D:1)
  An endoplasm (D:1)
  A giant cockroach (D:1)
  4 goblins
  2 hobgoblins (D:2)
  7 jackals (D:1)
  3 kobolds (D:1)
  A quokka (D:1)
  2 bats (D:1)
  A frilled lizard (D:1)
  6 rats
33 creatures vanquished.

Vanquished Creatures (others)
  3 toadstools (D:1)
3 creatures vanquished.

Grand Total: 36 creatures vanquished

Notes
Turn   | Place    | Note
-------+----------+-------------------------------------------
     0 | D:1      | Grimdewalt the Djinni Warper began the quest for the Orb.
     0 | D:1      | Reached XP level 1. HP: 18/18 MP: 0/0
    92 | D:1      | Reached XP level 2. HP: 16/23 MP: 0/0
   286 | D:1      | Found Saz Qiv's Distillery.
   492 | D:1      | Bought 2 potions of degeneration for 22 gold pieces
   492 | D:1      | Bought a potion of heal wounds for 55 gold pieces
   607 | D:1      | Reached XP level 3. HP: 29/29 MP: 0/0
   607 | D:1      | Learned a level 1 spell: Pain
  1629 | D:2      | Noticed Sigmund
  1634 | D:2      | Slain by Sigmund

Illustrated notes

Levels and vault maps discovered:
D:1:      psy_arrival_basics, layout_basic, serial_shops, shop,
          minmay_gold_behind_fungi
D:2:      layout_basic, uniq_sigmund

Skill      XL: |  1  2 |
---------------+-------+-----
Maces & Flails | 2 |  2.2
Fighting       | |  2.7
Throwing       | |  0.7
Armour         | |  1.0
Dodging        | |  2.1
Spellcasting   | |  2.8

Action                   || total
-------------------------++-------
Melee: Mace              ||   119
Armor: Leather armour    ||    42
Dodge: Dodged            ||    76

Table legend: (Time is in decaauts)
 A = Elapsed time spent in this place.
 B = Non-inter-level travel time spent in this place.
 C = Inter-level travel time spent in this place.
 D = Time resting spent in this place.
 E = Time spent auto-exploring this place.
 F = Levels seen in this place.
 G = Mean time per level.
                   A        B        C        D        E       F      G
               +--------+--------+--------+--------+--------+-----+--------+
         Total |   1669 |   1641 |     28 |      0 |   1371 |   2 |  834.5 |
       Dungeon |   1669 |   1641 |     28 |      0 |   1371 |   2 |  834.5 |
               +--------+--------+--------+--------+--------+-----+--------+

Top non-repeatable levels by time:
     D:1: 1166 daAuts
     D:2: 502 daAuts
